 Dungeon Crawl Stone Soup version 0.25-a0-731-g0472a16d6a (webtiles) character file.

Game seed: 16328347079468442990, levelgen mode: deterministic

39 MisterFreud the Skirmisher (level 3, -1/18 HPs)
             Began as a Felid Skald on Apr 8, 2020.
             Slain by Terence
             ... wielding a +0 mace
              (8 damage)
             ... on level 2 of the Dungeon.
             The game lasted 00:03:44 (1477 turns).

MisterFreud the Skirmisher (Felid Skald)            Turns: 1477, Time: 00:03:44

Health: -1/18      AC:  1    Str:  7    XL:     3   Next: 28%
Magic:  1/7        EV: 18    Int: 14    God:
Gold:   18         SH:  0    Dex: 16    Spells: 3/6 levels left
                                        Lives:  0   Deaths: 0

rFire    . . .     SeeInvis +     - Unarmed
rCold    . . .     Gourm    .   (shield unavailable)
rNeg     . . .     Faith    .   (armour unavailable)
rPois    .         Spirit   .   (helmet unavailable)
rElec    .         Reflect  .   (cloak unavailable)
rCorr    .         Harm     .   (gloves unavailable)
MR       .....                  (boots unavailable)
Stlth    ++........             (no amulet)
HPRegen  0.06/turn              (no ring)
MPRegen  0.10/turn              (no ring)

@: infused, very slightly contaminated, quick
A: very small, no armour, no weapons or thrown items, stealth, claws 1, fangs 3,
see invisible, carnivore, speed 1, shaggy fur 1, slow metabolism 1, sharp paws
a: no special abilities


You were on level 2 of the Dungeon.
You were very full.

You visited 1 branch of the dungeon, and saw 2 of its levels.

You collected 18 gold pieces.

Inventory:

Scrolls
 d - a scroll of fear {unknown}
 e - a scroll of teleportation {unknown}
Potions
 a - a potion of might {unknown}
 c - a potion of stabbing {unknown}
Comestibles
 b - 4 rations
 f - a chunk of flesh


   Skills:
 * Level 3.8 Fighting
 - Level 3.2 Dodging
 - Level 2.0 Unarmed Combat
 - Level 2.0 Spellcasting
 - Level 3.6 Charms


You had 3 spell levels left.
You knew the following spells:

 Your Spells              Type           Power        Failure   Level  Hunger
a - Infusion              Chrm           ##..         5%          1    ##.....
b - Shroud of Golubria    Chrm/Tloc      #.....       17%         2    ###....

Your spell library contained the following spells:

 Spells                   Type           Power        Failure   Level  Hunger
 Song of Slaying          Chrm           ##......     9%          2    ###....
 Ozocubu's Armour         Chrm/Ice       #.......     34%         3    ####...
 Spectral Weapon          Hex/Chrm       Unusable     N/A         3    N/A

Dungeon Overview and Level Annotations

Branches:
Dungeon (2/15)

Altars:

Annotations:
D:2 Terence


Innate Abilities, Weirdness & Mutations

You cannot wear armour.
You are incapable of wielding weapons or throwing items.
Your paws allow you to move quietly. (Stealth)
You have sharp claws.
You have razor-sharp teeth.
You have supernaturally acute eyesight. (SInv)
You are carnivorous and can eat meat at any time.
You cover ground quickly.
You are covered in fur. (AC +1)
You have a slow metabolism.
Your sharp claws are effective at attacking unaware monsters.


Message History

You scratch Terence.
Terence is almost dead.
You scratch Terence but do no damage.
Terence is almost dead.
Terence hits you with a +0 mace.
You barely miss Terence.
Terence is almost dead.
Terence closely misses you.
You scratch Terence but do no damage.
Terence is almost dead.
Terence misses you.
You scratch Terence but do no damage.
Terence is almost dead.
Terence hits you but does no damage.
You barely miss Terence. You bite Terence, but do no damage.
Terence is almost dead.
You scratch Terence but do no damage. You bite Terence, but do no damage.
Terence is almost dead.
Terence hits you with a +0 mace!
You die...

###### #....####
##.......###
#...♣.♣....###
#.♣.....♣.♣..##
#.#.♣♣♣♣♣♣.♣♣.##
#..♣♣ ♣.♣..@#
#..♣ .♣♣♣..@...#
###.♣♣ ♣♣
♣......# ...^#
♣......# ....#♣.
♣..##### ......♣
...# .....♣♣
...# ....♣♣♣
..#.. .......


You could see Terence.

Vanquished Creatures
  2 worms
  A leopard gecko (D:1)
  A ball python (D:1)
  3 giant cockroaches (D:1)
  5 goblins
  4 hobgoblins
  4 kobolds
  2 bats (D:1)
  3 frilled lizards (D:1)
  4 rats (D:1)
29 creatures vanquished.

Notes
Turn   | Place    | Note
-------+----------+-------------------------------------------
     0 | D:1      | MisterFreud the Felid Skald began the quest for the Orb.
     0 | D:1      | Reached XP level 1. HP: 9/9 MP: 4/4
   214 | D:1      | Reached XP level 2. HP: 11/13 MP: 3/6
   277 | D:1      | Learned a level 2 spell: Shroud of Golubria
  1172 | D:1      | Reached XP level 3. HP: 17/17 MP: 7/7
  1451 | D:2      | Noticed Terence
  1477 | D:2      | Slain by Terence

Levels and vault maps discovered:
D:1:      denvon_arrival_planthouse, layout_basic
D:2:      layout_rooms, led_sif_pool, chequers_ecumenical_altar_grove,
          uniq_sigmund, uniq_terence, uniq_robin

Skill      XL: |  1  2 |
---------------+-------+-----
Fighting       | 3 |  3.8
Dodging        | |  3.2
Unarmed Combat | |  2.0
Spellcasting   | |  2.0
Charms         | |  3.6

Action                   || total
-------------------------++-------
Melee: Unarmed           ||    95
       Bite              ||     8
 Cast: Infusion          ||    17
       Shroud of Golubri ||     8
 Stab: Sleeping          ||     1
  Eat: Chunk             ||     9
Armor: Skin              ||     3
Dodge: Dodged            ||    75

Table legend:
 A = Non-vault XP
 B = Vault XP
 C = Vault XP percentage of total XP
 D = Non-vault monster count
 E = Vault monster count
 F = Vault count percentage of total count
                 A         B        C        D         E       F
            +---------+---------+-------+---------+---------+-------
      Total |      57 |       0 |   0.0 |      29 |       0 |   0.0
            +---------+---------+-------+---------+---------+-------
        D:1 |      46 |       0 |   0.0 |      25 |       0 |   0.0
        D:2 |      11 |       0 |   0.0 |       4 |       0 |   0.0
            +---------+---------+-------+---------+---------+-------
